Cogmind - Beta 15 @@@ ROGUE MODE // 2025.08.21 @ 15:36:10 Player: Yasuna Result: Destroyed by J0-S98(x) with Makeshift Spear Performance ------------- Evolutions (0) 0 Regions Visited (3) 600 Robots Destroyed (10) 50 Value Destroyed (151) 151 Prototype IDs (2) 40 Alien Tech Used (0) 0 Bonus (779) 779 TOTAL SCORE: 1620 Bonus ------- Registered with UFD 300 Met Optimus in HQ 500 Friendly Fire -21 Cogmind --------- Core Integrity 0/250 Matter 269/300 Energy 0/100 System Corruption 0% Temperature Cool (0) Movement Rolling (130) Ox6 Location -7/Scraptown Parts ------- > --- POWER (1) -------- (None) > --- PROPULSION (2) --- Overtuned Scrapsphere > --- UTILITY (2) ------ High-capacity Storage Unit Improved Shield Generator > --- WEAPON (2) ------- Barrage Gun Makeshift Hammer > --- INVENTORY (20) --- Light Angular Momentum Engine Carbon-fiber Leg Improved Carbon-fiber Leg Wheel Wheel Armor Integrity Analyzer Phase Shifter Makeshift Light Armor Plating Makeshift Hacking Suite Component Analysis Suite EM Pulse Gun Overtuned Pulse Rifle Ion Cannon Overtuned Barrage Gun Improved Light Cannon Improved Light Cannon CPS Tube (2) Spear Peak State ------------ > --- POWER ------------ Neutrino Core > --- PROPULSION ------- Armored Wheel Overtuned Scrapsphere > --- UTILITY ---------- High-capacity Storage Unit Improved Terrain Scanner > --- WEAPON ----------- Beamcaster Barrage Gun > --- INVENTORY -------- Light Angular Momentum Engine Carbon-fiber Leg Improved Carbon-fiber Leg Wheel Wheel Armor Integrity Analyzer Phase Shifter Makeshift Light Armor Plating Improved Shield Generator Thermic Laser Ion Cannon Bolt Gun Autogun Overtuned Barrage Gun Improved Light Cannon Improved Light Cannon CPS Tube Makeshift Hammer Mining Claw Spear [Rating: 29] Favorites ----------- Power Neutrino Core Engine Light Ion Engine Power Core Neutrino Core Propulsion Wheel Wheel Wheel Hover Unit Gravmag System Utility High-capacity Storage Unit Device Improved Terrain Scanner Storage High-capacity Storage Unit Processor Visual Processing Unit Protection Makeshift Light Armor Plating Weapon Barrage Gun Energy Gun Beamcaster Ballistic Gun Barrage Gun Special Weapon Mining Laser Impact Weapon Makeshift Hammer Slashing Weapon Mining Claw Build | -11 -10 -10 -7 ------- Run | Yrd Mat Sub Scr Slots Evolved . | . . . . Power . | . . . . Propulsion . | . . . . Utility . | . . . . Weapon . | . . . . Parts Attached 30 | 10 3 10 7 Power 4 | 1 . 3 . Engine 3 | 1 . 2 . Core 1 | . . 1 . Reactor . | . . . . Propulsion 8 | 3 . 2 3 Treads . | . . . . Leg . | . . . . Wheel 7 | 3 . 2 2 Hover 1 | . . . 1 Flight . | . . . . Utility 10 | 3 2 3 2 Device 7 | 3 . 2 2 Storage 1 | . 1 . . Processor 1 | . 1 . . Hackware . | . . . . Protection 1 | . . 1 . Artifact . | . . . . Weapon 8 | 3 1 2 2 Energy Gun 1 | . . . 1 Energy Cannon . | . . . . Ballistic Gun 4 | 2 . 1 1 Ballistic Cannon . | . . . . Launcher . | . . . . Special Weapon 1 | 1 . . . Impact Weapon 1 | . . 1 . Slashing Weapon 1 | . 1 . . Piercing Weapon . | . . . . Special Melee Weapon . | . . . . Unidentified Prototypes . | . . . . Parts Lost 10 | . . 6 4 Power 2 | . . 1 1 Propulsion 3 | . . 2 1 Utility 2 | . . 1 1 Weapon 3 | . . 2 1 Highest Loss Streak 6 | . . 6 4 To Critical Strikes 1 | . . 1 . Average Backups 15 | 3 4 11 19 Power 2 | . 1 3 1 Propulsion 2 | 2 2 1 3 Utility 4 | . . 5 4 Weapon 5 | . 1 1 7 Tool/Special . | . . . . Unused Backups 28 | . . . 28 Power 2 | . . . 2 Propulsion 4 | . . . 4 Utility 9 | . . . 9 Weapon 11 | . . . 11 Tool/Special 2 | . . . 2 Average Slot Usage (%) 97 | . 100 90 99 Engine 2 | . 14 5 . Core 11 | . . 8 13 Wheel 27 | . 28 27 27 Device 10 | . 17 9 9 Storage 13 | . 9 14 14 Protection 3 | . . . 4 Ballistic Gun 12 | . 23 5 14 Special Weapon 1 | . . 4 . Impact Weapon 10 | . . 4 13 Slashing Weapon 2 | . 3 7 . Peak Build Rating 29 | 9 10 24 29 Average Rating 20 | 7 9 15 24 On Entrance 10 | . 9 9 24 Naked Turns . | . . . . Heaviest Build 64 | 9 48 64 64 Greatest Support 22 | 20 20 20 22 Greatest Overweight (x) 13 | . 2 13 6 Average Overweight (x) 3 | . 1 2 4 Largest Inventory Capacity 20 | 5 20 20 20 Average Capacity 18 | 5 15 20 20 Most Carried 20 | 5 6 20 20 Average Carried 15 | 4 4 13 19 Final Capacity 20 | 5 20 20 20 Final Carried 20 | 5 6 20 18 Class Distribution -------------------- 74% | Mutant 25% | Scavenger-Mutant Dominant Class ---------------- Mutant | -10/Materials Scavenger-Mutant | -10/Subcaves Mutant | -7/Scraptown Resources | -11 -10 -10 -7 ----------- Run | Yrd Mat Sub Scr Matter Collected 688 | 354 22 195 117 Remotely . | . . . . Salvage Created 297 | 114 22 91 70 Parts 26 | 11 3 7 5 Haulers Intercepted . | . . . . Recyclers Shooed . | . . . . Parts Field Recycled . | . . . . Retrieved Matter . | . . . . Parts Self-Destructed 9 | . . 9 . Prevented . | . . . . Kills | -11 -10 -10 -7 ------- Run | Yrd Mat Sub Scr Combat Hostiles Destroyed 5 | 1 . 3 1 Guns 5 | 1 . 3 1 Classes Destroyed 6 | 3 1 1 1 Worker 1 | 1 . . . Tunneler 3 | 3 . . . Watcher 1 | . 1 . . Swarmer 3 | . . 3 . Grunt 1 | 1 . . . Scrapper 1 | . . . 1 Best Kill Streak 4 | 4 1 3 1 Combat Bots Only 3 | 1 . 3 1 Max Kills in Single Turn 1 | 1 1 1 1 Gunslinging . | . . . . Exploded . | . . . . Melee . | . . . . Uniques/NPCs Destroyed . | . . . . Combat | -11 -10 -10 -7 -------- Run | Yrd Mat Sub Scr Hostile Shots Fired 162 | 4 . 96 62 Missed 46 | 1 . 28 17 Hits 116 | 3 . 68 45 Melee 2 | . . . 2 Projectile 114 | 3 . 68 43 Critical Strikes 2 | . . 1 1 Damage Taken 1085 | 33 . 433 619 Core 269 | 10 . 84 175 Absorbed by Shields 15 | . . . 15 Core Remaining (%) 96 | 96 . . . Volleys Fired 82 | 42 6 21 13 Largest 2 | 2 2 2 2 Hottest 105 | 100 40 100 105 Shots Fired 111 | 51 12 26 22 Gun 70 | 18 12 18 22 Cannon . | . . . . Launcher . | . . . . Special 41 | 33 . 8 . Kinetic 59 | 18 12 18 11 Thermal 52 | 33 . 8 11 Explosive . | . . . . Electromagnetic . | . . . . Robot Hit Streak 5 | 4 2 2 5 Robot Miss Streak 6 | 2 6 4 6 Penetration Max . | . . . . Secondary Targets 1 | . . 1 . Max Gunslinging Chain 1 | . . 1 . Shots Hit Robots 46 | 10 6 17 13 Core Hits 15 | 6 1 3 5 Critical Kills . | . . . . Critical Parts Destroyed . | . . . . Critical Strikes 1 | . . . 1 Burn 1 | . . . 1 Melee Attacks 54 | . 12 41 1 Impact 27 | . . 26 1 Slashing 27 | . 12 15 . Piercing . | . . . . Sneak Attacks 1 | . 1 . . Combat Hostiles . | . . . . Follow-up Attacks . | . . . . Damage Inflicted 1021 | 141 83 535 262 Guns 549 | 141 61 85 262 Cannons . | . . . . Explosions . | . . . . Melee 472 | . 22 450 . Ramming . | . . . . Kinetic 403 | 141 61 85 116 Thermal 146 | . . . 146 Explosive . | . . . . Electromagnetic . | . . . . Impact . | . . . . Slashing 472 | . 22 450 . Piercing . | . . . . Highest Corruption . | . . . . Average Corruption . | . . . . Corruption Purged . | . . . . Corruption Blocked . | . . . . Overload Shots . | . . . . Overflow Damage 40 | . 2 38 . Projectiles . | . . . . Explosions . | . . . . Melee 40 | . 2 38 . Knockbacks . | . . . . Impact . | . . . . Kinetic . | . . . . Secondary . | . . . . Self-Inflicted Damage . | . . . . Shots . | . . . . Rammed . | . . . . Targets Rammed . | . . . . Kicked . | . . . . Crushed . | . . . . Highest Temperature 235 | 140 . . 235 Average Temperature 62 | 48 . . 94 Received Heat Transfer 462 | 18 . 204 240 Effects 1 | . . . 1 Energy Bleed 1 | . . . 1 Siege Activations . | . . . . Martial Activations . | . . . . Shielding Activations . | . . . . Robots Disrupted . | . . . . Combat Hostiles . | . . . . Robots Corrupted . | . . . . Combat Hostiles . | . . . . Parts Fried . | . . . . Impact Corruptions . | . . . . Robots Melted . | . . . . Combat Hostiles . | . . . . Parts Melted . | . . . . Heat Transferred 285 | . . . 285 Parts Sabotaged . | . . . . Parts Stolen . | . . . . Parts Stripped . | . . . . Power Chain Reactions . | . . . . Alert | -11 -10 -10 -7 ------- Run | Yrd Mat Sub Scr Maximum Alert Level . | . . . . Low Security (%) 100 | 100 100 . . Level 1 . | . . . . Level 2 . | . . . . Level 3 . | . . . . Level 4 . | . . . . Level 5 . | . . . . High Security . | . . . . Max Security . | . . . . Peak Influence 30 | 30 14 . . Initial . | . . . . Average 3 | 3 2 . . Influence Increases 178 | 40 33 105 . Destroy 0b10 Robot/C 80 | 20 . 60 . Destroy 0b10 Robot/NC 25 | 20 5 . . Destroy Leader 2 | . 2 . . Successful Hack 26 | . 26 . . Lose Combat Pursuer 45 | . . 45 . Influence Decreases 178 | 40 33 105 . Time Decay 118 | 40 33 45 . Lost Part 60 | . . 60 . Squads Dispatched . | . . . . Investigation . | . . . . Extermination . | . . . . Reinforcement . | . . . . Assault . | . . . . Garrison . | . . . . Intercept . | . . . . Searches Triggered . | . . . . Construction Impeded . | . . . . Haulers Reinforced . | . . . . Active Scanning Responses . | . . . . Cargo Convoy Interrupts . | . . . . Stealth | -11 -10 -10 -7 --------- Run | Yrd Mat Sub Scr Distress Signals . | . . . . Communications Jammed . | . . . . Distress Signals . | . . . . Times Spotted 35 | 1 4 17 13 Peak Tracking Total 8 | 1 2 6 8 Tactical Retreats 2 | . . 2 . Traps | -11 -10 -10 -7 ------- Run | Yrd Mat Sub Scr Traps Triggered . | . . . . Indirectly . | . . . . Trap Hack Attempts . | . . . . Triggered . | . . . . Disarmed . | . . . . Reprogrammed . | . . . . Reused . | . . . . Traps Extracted . | . . . . Installed . | . . . . Triggered . | . . . . Machines | -11 -10 -10 -7 ---------- Run | Yrd Mat Sub Scr Machines Disabled 1 | . . . 1 Max in Single Turn 1 | . . . 1 Machines Repaired . | . . . . Machines Dismantled . | . . . . Machines Sabotaged . | . . . . Overloaded Fab Kills . | . . . . Hacking | -11 -10 -10 -7 --------- Run | Yrd Mat Sub Scr Machines Accessed 9 | . 2 . 7 Terminals 2 | . 2 . . Fabricators . | . . . . Repair Stations . | . . . . Recycling Units . | . . . . Scanalyzers . | . . . . Garrison Access . | . . . . Total Hacks 71 | . 9 . 62 Successful 70 | . 8 . 62 Failed 1 | . 1 . . Catastrophic . | . . . . Database Lockouts . | . . . . Manual . | . . . . Terminals 9 | . 9 . . Fabricators . | . . . . Repair Stations . | . . . . Recycling Units . | . . . . Scanalyzers . | . . . . Garrison Access . | . . . . Terminal Hacks 70 | . 8 . 62 Record 67 | . 5 . 62 Robot Analysis 1 | . 1 . . Prototype ID Bank 1 | . 1 . . Zone Layout 1 | . 1 . . Fabricator Hacks . | . . . . Repair Station Hacks . | . . . . Recycling Unit Hacks . | . . . . Scanalyzer . | . . . . Garrison Access Hacks . | . . . . Unauthorized Hacks . | . . . . Terminals . | . . . . Fabricators . | . . . . Repair Stations . | . . . . Recycling Units . | . . . . Scanalyzers . | . . . . Garrison Access . | . . . . Data Cores Recovered . | . . . . Used . | . . . . Hacking Detections 2 | . 2 . . Full Trace Events 1 | . 1 . . Feedback Events . | . . . . Feedback Blocked . | . . . . Robot Schematics Acquired . | . . . . Robots Built . | . . . . Authchips . | . . . . Time . | . . . . Total Robot Build Rating . | . . . . Part Schematics Acquired . | . . . . Parts Built . | . . . . Authchips . | . . . . Time . | . . . . Total Part Build Rating . | . . . . Parts Repaired . | . . . . Time . | . . . . Parts Recycled . | . . . . Recycled Matter . | . . . . Retrieved Matter . | . . . . Retrieved Components . | . . . . Parts Scanalyzed . | . . . . Part Schematics Acquired . | . . . . Parts Damaged . | . . . . Bothacking | -11 -10 -10 -7 ------------ Run | Yrd Mat Sub Scr Used RIF Installer . | . . . . Robots Hacked . | . . . . Non-combat . | . . . . Combat . | . . . . Robot Hacks Applied . | . . . . Relay Couplers Released . | . . . . Fabnet Peak Effective % . | . . . . Robots Rewired . | . . . . Allies Hacked . | . . . . Hacks Repelled . | . . . . Allies | -11 -10 -10 -7 -------- Run | Yrd Mat Sub Scr Total Allies . | . . . . Largest Group . | . . . . Highest-Rated Group . | . . . . Highest-Rated Ally . | . . . . Total Orders . | . . . . Ally Attacks . | . . . . Total Damage . | . . . . Kills . | . . . . Allies Corrupted . | . . . . Allies Melted 2 | . . . 2 Intel | -11 -10 -10 -7 ------- Run | Yrd Mat Sub Scr Active Infowar (turns) 2140 | 292 177 55 1616 Optics 11 | . 11 . . Terrain 2140 | 292 177 55 1616 Seismic 334 | 288 46 . . Robot Analysis Total 1 | . 1 . . Derelict Logs Recovered 1 | . . . 1 Drone Launches . | . . . . Drone Recoveries . | . . . . Exploration | -11 -10 -10 -7 ------------- Run | Yrd Mat Sub Scr Turns Passed 3823 | 388 177 880 2378 Spaces Moved 2452 | 155 116 600 1581 Core 19 | 18 . 1 . Treads . | . . . . Legs . | . . . . Wheels 2433 | 137 116 599 1581 Hover . | . . . . Flight . | . . . . Fastest Speed 50 | 50 80 110 104 Average Speed 131 | 76 96 114 145 Slowest Speed 700 | 80 110 700 170 Overloaded Moves . | . . . . Propulsion Burnouts . | . . . . Robots Hopped . | . . . . Potential Cave-ins . | . . . . Cave-ins Triggered . | . . . . Exploration Rate (%) 35 | 10 19 30 83 Regions Visited 3 Branch Regions 2 Pre-discovered Areas 1 | . . . 1 Known Exits Taken . | . . . . Unknown Exits Taken 3 | 1 1 1 . Scrap Searched 3 | . . . 3 Spaces Dug 18 | 4 3 11 . Terrain Destroyed 24 | 10 3 11 . Melee 14 | . 3 11 . Projectile 10 | 10 . . . AOE . | . . . . Terrain Rammed . | . . . . Walls Destroyed . | . . . . Machines Disabled . | . . . . Actions | -11 -10 -10 -7 --------- Run | Yrd Mat Sub Scr Total 2795 | 306 143 692 1654 Wait 87 | 86 . . 1 Move 2449 | 154 115 599 1581 Hop . | . . . . Pick Up 58 | 13 3 17 25 Fast Attach . | . . . . Attach 16 | 7 . 7 2 Detach 1 | . . 1 . Swap 22 | 3 5 6 8 Drop 26 | 1 2 . 23 Fire 82 | 42 6 21 13 Melee 54 | . 12 41 1 Ram . | . . . . Kick . | . . . . Crush . | . . . . Escape Stasis . | . . . . Rewire . | . . . . Trap . | . . . . Miscellaneous . | . . . . Route ------- -11/Scrapyard -10/Materials -10/Subcaves (discovered 2 exits: [*Rec] / *Scr) -7/Scraptown (discovered 2 exits: *Fac x2) History --------- Turn | Location | Event 2 | -11/Scrapyard | Met Revision 17 55 | -11/Scrapyard | Discovered new exit (range 8) 389 | -11/Scrapyard | Entered Materials 390 | -10/Materials | Build established: Scavenger-Mutant 556 | -10/Materials | Discovered new exit (range 3) 566 | -10/Materials | Entered Subcaves 567 | -10/Subcaves | Approached by a straggling Scientist 603 | -10/Subcaves | Discovered new exit (range 15) 675 | -10/Subcaves | Lost 6 parts (1p2n1u2w) 692 | -10/Subcaves | Build established: Mutant 815 | -10/Subcaves | Ambushed by swarm of Subdwellers 820 | -10/Subcaves | Ambushed by Subdwellers from Twisted Machinery 883 | -10/Subcaves | Lost 3 allies 1155 | -10/Subcaves | Build established: Scavenger-Mutant 1238 | -10/Subcaves | A swath of the cavern ceiling suddenly collapsed 1393 | -10/Subcaves | Shifting Twisted Machinery released Mak. Light Armor Plating 1436 | -10/Subcaves | Scientist uncovered a shortcut to Scraptown 1446 | -10/Subcaves | Entered Scraptown 1711 | -7/Scraptown | Build established: Mutant 1751 | -7/Scraptown | Visited The Evicted 1795 | -7/Scraptown | Visited Fellowship of the Rings 1829 | -7/Scraptown | Visited Cyclists 1870 | -7/Scraptown | Visited Spacefarers 1955 | -7/Scraptown | Visited UFD Registry 1955 | -7/Scraptown | Registered with UFD as "Alphaform" 1975 | -7/Scraptown | Visited CPS Storage 2002 | -7/Scraptown | Visited Awakened 2078 | -7/Scraptown | Entered Cyclist Reading Room 2247 | -7/Scraptown | Heard Great Nut preacher, LISTEN AND RECITE! 2926 | -7/Scraptown | Scanned Subdweller tech in exchange for log data 2931 | -7/Scraptown | Learned location of Extension (-5) 3022 | -7/Scraptown | Discovered new exit (range 11) 3075 | -7/Scraptown | Guru changed UFD alias to "Phasefunk" 3318 | -7/Scraptown | Visited Modified Component R&D 3391 | -7/Scraptown | Visited LU-1G1's Boring Crew 3516 | -7/Scraptown | Met Optimus 3516 | -7/Scraptown | Accepted into 0bPrime 3682 | -7/Scraptown | Civil war broke out across Scraptown 3755 | -7/Scraptown | Lost 7 allies 3757 | -7/Scraptown | Identified exit to Factory 3794 | -7/Scraptown | Core integrity fell below 50% 3813 | -7/Scraptown | Core integrity fell below 20% 3821 | -7/Scraptown | Optimus destroyed in the chaos of civil war 3824 | -7/Scraptown | Destroyed by J0-S98(x) with Makeshift Spear Last Messages --------------- 03798_ 6A-RGZ(g) suffers critical hit (Destroy). 03798_ 6A-RGZ(g) destroyed. 03799_ Bolt penetrates Optimus. 03802_ Ovr. Scrapsphere repairs itself (+12). 03802_ Acquired 5 matter. 03803_ Bolt penetrates Reinforced Barrier. 03803_ LK-5HF(g) destroyed. 03805_ Bolt penetrates Reinforced Barrier. 03810_ Slug penetrates Reinforced Barrier. 03810_ BI-5PB(j) destroyed. 03810_ Bolt penetrates Optimus. 03811_ J0-S98(x) suffers critical hit (Burn). 03813_ Bolt penetrates Optimus. 03815_ Beamcaster destroyed. 03816_ LH-DJ7(E) cannibalizes Corrupted Ovr. Treads to repair Ovr. Treads. 03818_ Bolt penetrates LH-DJ7(E). 03821_ Optimus: "We are 0bPrime!" 03821_ ANNOUNCEMENT: The traitor Optimus has been dealt with. Put down any remaining collaborators. 03821_ Optimus destroyed. Map ----- +----------------------------------------------------+ | | #????????## | #????# # # #??? " | | " #??#?????#" ###??# # # #???? ? | | #?????#??#" ##?#?# #??? ? ?? | | #????????########### ##????##### #####?????# #?? | | ##########??????###### ########### ########### ### | | #?#?????#"""" """"""""""" """"""""""" """ | | #???????#" | | #???????#" | | #???#???#" | | #???????# | | #??#?###"" !%! | | #???#"""" ! """""""""""""""""""""""""" | | #????""" """"""""""""""""""""""""" | | ##???""" ""###### ################ | | #????"""" =% ""# ##??#??#?## | | #????"""" = ""# X"#???????## | | ###"?""" # "" "" ##?#???##?# | | ""#"#"""" "# "" ""%X"#????#?### | | """"#"""" [ "# " ######### # | | ""#######" !%j " "" | | ###?#???#" = j"" "" | | #########" "# " " ######### # | | ! ""# "" "" ""##?????### | | ""# "" "" ##??#?#?#?# | | "# X"#??????#?# | | /x@# ##???????## | | % "###### ################ | | [!= =! """"" """""""""""""""""" | | !!! %!=%"""" " """"" """""""""""" | | =![=E ![!! !! | | [ !=*!!=% /=!! | | =% %!=*/%[ ! [*[=[[ | | *!#""""# [!=/[ [%!=!=%%![ == | | #????# *%=%! ![ %!%%! !% | | #????#""""=%*"" """""""" """"""""" | | ## ### ####????#####[=*########### ########### # | | ? # #?#???"????"%=%!* #????? ?? ?"?? | | # #?????"????"*![!![[????# ????"" | | ? # #?????????# "!!%=[[##??# """"" ???=" | | # #?????????"" !!!!"#???# "###" ??#"" [ | | # #???????? #!! """????# "??????#" | | # #????????##!! """??#?# "???"???#"" % | | # #?#????????######??????# ????????#!" | | ? # #????????#???#?#???????# ?????????#"" | | ?????# #??#??????????????????????????"????? """ | | ?????# #??#???????????????????????????#????# "!" | | ???#?# #???????????????????????????????????#"?#? | | ###### #?????????????????????????????????????#?? | | """""" #???????????????????????????????????????? | | """"" #????? ?????????????????????????????????? | +----------------------------------------------------+ Best States ------------- Heat Dissipation 25 Coolant Potential 50 Energy Generation 19 Energy Capacity 315 Matter Stores 300 Matter Capacity 300 Sight Range 18 Terrain Scan Range 16 Terrain Scan Density 10 Armor Coverage 100 Phase Shifting 5 Evasion (%) 50 Item Schematics ----------------- None Robot Schematics ------------------ None Fabricated ------------ Nothing Repaired ---------- Nothing Alien Tech Used ----------------- None Achievements -------------- Librarian Part-time Excavator Challenges ------------ None Game ------ Seed LatentGaussExoskeleton Manual? 0 Play Time 00:56:45 Cumulative 2.3 hours Start 2025.08.21 @ 14:38:58 End 2025.08.21 @ 15:36:10 Sessions 1 Manual Loads 0 Difficulty Rogue Special Mode None Game No. 3 Rogue 3 Adventurer 0 Explorer 0 Win Type - Total 0 Types 0/0/0/0/0/0/0/0/0/0 Lore% 9 Gallery% 4 Achievement% 5 Wizard Run 0 Options --------- Layout 1 ASCII 0 Keyboard 0 Movement Mouse Keybinds 0 Fullscreen 0 Font 28/SmallcapsLarge Map View 89x39 Zoom Use 0% Tactical HUD 1 Map Filters NONE Filters NONE Steam 1 RUN: a0dda507-c501-4df1-bb63-f7928b4b7353